 Dungeon Crawl Stone Soup version 0.26-a0-466-g989023bd0d (webtiles) character file.

Game seed: 7879833320341722025

7025 kae the Grappler (level 10, -4/83 HPs)
             Began as a Demonspawn Fighter on Aug 14, 2020.
             Was a Priest of Makhleb.
             Succumbed to Sonja's poison
             ... on level 10 of the Dungeon.
             The game lasted 00:09:34 (12748 turns).

kae the Grappler (Demonspawn Fighter)              Turns: 12748, Time: 00:09:34

Health: -4/83      AC: 14    Str: 19    XL:     10   Next: 82%
Magic:  2/10       EV: 21    Int: 10    God:    Makhleb [***...]
Gold:   573        SH:  0    Dex: 19    Spells: 9/9 levels left

rFire    + + .     SeeInvis +     - Unarmed
rCold    . . .     Faith    .   (no shield)
rNeg     . . .     Spirit   +   a - +1 scale mail
rPois    .         Reflect  .   p - +0 helmet
rElec    .         Harm     .   q - +0 cloak
rCorr    .                      m - +2 pair of gloves {archery}
MR       .....                  (no boots)
Stlth    ..........             i - amulet of magic regeneration
HPRegen  0.23/turn              r - ring "Ihyud" {rF++ MR- EV+4 Dex+6}
MPRegen  0.49/turn              o - ring of see invisible

@: mighty, agile, lethally poisoned (-4 -> -84), slowed, very slow
A: repulsion field 2, powered by pain 1, magic shield, magic regeneration
a: Minor Destruction, Lesser Servant of Makhleb, Renounce Religion


You were on level 10 of the Dungeon.
You worshipped Makhleb.
Makhleb was most pleased with you.
You visited 2 branches of the dungeon, and saw 11 of its levels.

You collected 618 gold pieces.
You spent 45 gold pieces at shops.

Inventory:

Hand Weapons
 c - a +3 war axe
Armour
 a - a +1 scale mail (worn)
 b - a +0 kite shield
 m - a +2 pair of gloves of archery (worn)
 p - a +0 helmet (worn)
 q - a +0 cloak (worn)
Jewellery
 f - an uncursed ring of fire
 i - an amulet of magic regeneration (around neck)
 j - a +4 ring of evasion {unknown}
 o - a ring of see invisible (right hand)
 r - the ring "Ihyud" (left hand) {rF++ MR- EV+4 Dex+6}
   (You found it on level 5 of the Dungeon)

   [ring of evasion]

   It affects your evasion (+4).
   It affects your dexterity (+6).
   It greatly protects you from fire.
   It affects your resistance to hostile enchantments.
 w - an uncursed ring of resist corrosion {unknown}
 C - a +4 ring of protection {unknown}
Wands
 s - a wand of disintegration (15)
 z - a wand of iceblast (14)
 D - a wand of digging (4)
Scrolls
 l - a scroll of fog
 n - 4 scrolls of remove curse
 u - a scroll of enchant weapon
 y - 3 scrolls of enchant armour
Potions
 d - a potion of haste
 e - a potion of stabbing
 g - 2 potions of degeneration
 h - 3 potions of curing
 k - 2 potions of ambrosia
 t - 2 potions of lignification
 v - 2 potions of brilliance
 x - a potion of resistance
 A - a potion of cancellation
 B - a potion of berserk rage


   Skills:
 + Level 9.6 Fighting
 - Level 6.0 Armour
 - Level 5.7 Shields
 * Level 10.7 Unarmed Combat
 + Level 0.6 Invocations


You had 9 spell levels left.
You didn't know any spells.
Your spell library contained the following spells:

 Spells                   Type           Power        Failure   Level
 Beastly Appendage        Tmut           #.....       71%         1
 Sting                    Tmut/Pois      #...         71%         1
 Poisonous Vapours        Pois/Air       #.....       83%         2
 Wereblood                Tmut           #.......     83%         2
 Ignite Poison            Fire/Tmut/Pois #.......     97%         3
 Mephitic Cloud           Conj/Pois/Air  #.......     97%         3
 Spider Form              Tmut/Pois      #.........   97%         3
 Ice Form                 Ice/Tmut       #.......     100%        4
 Olgreb's Toxic Radiance  Pois           #.......     100%        4
 Blade Hands              Tmut           #.........   100%        5


Dungeon Overview and Level Annotations

Branches:
Dungeon (10/15)            Temple (1/1) D:6             Orc (0/2) D:9
   Lair: D:8-11

Altars:
Ashenzari
Cheibriados
Dithmenos
Elyvilon
Fedhas
Gozag
Hepliaklqana
Kikubaaqudgha
Makhleb
Nemelex Xobeh
Okawaru
Qazlal
Ru
Sif Muna
Trog
Uskayaw
Vehumet
Wu Jian
Xom
Yredelemnul
Zin
The Shining One

Shops:
D:9 !

Annotations:
D:4 1 runed translucent door, Lanoc's ghost, amateur MfCK
D:10 Sonja


Innate Abilities, Weirdness & Mutations

You are surrounded by a moderate repulsion field. (EV +3)
You sometimes gain a little power by taking damage.
When hurt, damage is shared between your health and your magic reserves.
You regenerate magic rapidly.


Message History

Sonja hits you but does no damage.
You are more poisoned.
Sonja hits you but does no damage. x2
You hit Sonja.
Sonja is severely wounded.
You are engulfed in freezing vapours.
You focus on the pain.
You feel very mighty all of a sudden.
* * * LOW HITPOINT WARNING * * *
You feel extremely sick. Sonja closely misses you.
Sonja hits you but does no damage. x2
You are more poisoned.
Sonja casts a spell.
Sonja looks slightly unstable.
You miss Sonja.
Sonja is severely wounded.
You are engulfed in freezing vapours.
* * * LOW HITPOINT WARNING * * *
You focus on the pain.
You feel agile all of a sudden.
You die...

...#.#########........
......................
####.#########........
####.## #.#######
......# #.###
......########.#..
...............#.#####
.≈≈≈...........#§K...#
≈≈≈≈≈..........#@###.#
≈≈≈≈≈..........§§....#
......########§#.......#
......# #§........#
......# ###.......#
......# #.......#
......# #...≈...#
.###.## #...(....
.###.##### .......


You could see Sonja.

Vanquished Creatures
  An unseen horror (D:8)
  A troll (D:9)
  Grinder (D:3)
  A hippogriff (D:7)
  8 yaks
  Eustachio (D:4)
  2 wyverns
  Grum (D:8)
  Menkaure (D:6)
  Duvessa (D:5)
  3 orc warriors
  An eye of draining (D:9)
  2 sky beasts
  2 black bears
  An ice beast (D:7)
  A necrophage (D:9)
  2 wolves (D:8)
  5 ogres
  2 centaurs
  5 bullfrogs
  Dowan (D:5)
  2 scorpions
  A water moccasin skeleton (D:4)
  7 killer bees
  4 howler monkeys
  A bullfrog zombie (D:9)
  2 centaur zombies (D:9)
  6 jellies
  4 hounds
  4 orc priests
  A bullfrog skeleton (D:8)
  An iron imp (D:7)
  7 orc wizards
  A gnoll shaman (D:5)
  2 iguanas
  2 centaur skeletons
  6 worker ants
  A hound zombie (D:6)
  A hound skeleton (D:7)
  A worker ant zombie (D:9)
  A howler monkey zombie (D:8)
  7 gnolls
  A howler monkey skeleton (D:5)
  6 adders
  4 white imps
  An ufetubus (D:8)
  2 oozes
  An adder skeleton (D:2)
  2 worms
  3 dart slugs (D:1)
  11 leopard geckos
  18 orcs
  4 ball pythons
  5 giant cockroaches
  4 goblins
  6 hobgoblins
  16 jackals
  3 quokkas
  5 bats
  4 frilled lizards
  A jackal skeleton (D:9)
  9 kobolds
  11 rats
222 creatures vanquished.

Notes
Turn   | Place    | Note
-------+----------+-------------------------------------------
     0 | D:1      | kae the Demonspawn Fighter began the quest for the Orb.
     0 | D:1      | Reached XP level 1. HP: 18/18 MP: 1/1
   172 | D:1      | Reached skill level 2 in Unarmed Combat
   172 | D:1      | Gained mutation: When hurt, damage is shared between your
                  | health and your magic reserves. [demonic ancestry]
   172 | D:1      | Reached XP level 2. HP: 17/24 MP: 2/2
   908 | D:1      | Gained mutation: You sometimes gain a little power by
                  | taking damage. [demonic ancestry]
   908 | D:1      | Reached XP level 3. HP: 29/29 MP: 3/3
  1995 | D:2      | Reached XP level 4. HP: 17/35 MP: 0/4
  2753 | D:3      | Found a sacrificial altar of Ru.
  3089 | D:3      | Gained mutation: You regenerate magic rapidly. [demonic
                  | ancestry]
  3089 | D:3      | Reached XP level 5. HP: 24/42 MP: 3/5
  3379 | D:3      | Noticed a moth of wrath
  3381 | D:3      | Found a bloodstained altar of Trog.
  3655 | D:4      | Noticed Grinder
  3669 | D:3      | Paralysed by Grinder for 6 turns
  3963 | D:4      | Reached skill level 3 in Unarmed Combat
  4130 | D:4      | Found a sparkling altar of Nemelex Xobeh.
  4130 | D:4      | Found a white marble altar of Elyvilon.
  4131 | D:4      | Found a shattered altar of Ashenzari.
  4435 | D:4      | Noticed Eustachio
  4453 | D:4      | Reached XP level 6. HP: 39/48 MP: 6/6
  4524 | D:3      | Killed Grinder
  4684 | D:4      | Killed Eustachio
  4684 | D:4      | Gained mutation: You are surrounded by a mild repulsion
                  | field. (EV +2) [demonic ancestry]
  4684 | D:4      | Reached XP level 7. HP: 39/55 MP: 7/7
  4836 | D:4      | Found a runed translucent door.
  4841 | D:4      | Noticed Lanoc's ghost (amateur MfCK)
  5343 | D:5      | Entered Level 5 of the Dungeon
  5353 | D:5      | Reached skill level 4 in Unarmed Combat
  5403 | D:5      | Reached skill level 5 in Fighting
  6141 | D:5      | Reached skill level 5 in Armour
  6141 | D:5      | Reached skill level 5 in Shields
  6142 | D:5      | Reached XP level 8. HP: 56/63 MP: 8/8
  6188 | D:5      | Got a shimmering ivory ring
  6196 | D:5      | Found a radiant altar of Vehumet.
  6207 | D:5      | Noticed Duvessa
  6207 | D:5      | Noticed Dowan
  6220 | D:5      | Killed Duvessa
  6225 | D:5      | Killed Dowan
  6589 | D:5      | Found a basalt altar of Yredelemnul.
  6826 | D:5      | Found an opulent altar of Gozag.
  7138 | D:6      | Identified the ring "Ihyud" {rF++ MR- EV+4 Dex+6} (You
                  | found it on level 5 of the Dungeon)
  7145 | D:6      | Found a staircase to the Ecumenical Temple.
  7164 | D:6      | Reached skill level 5 in Unarmed Combat
  7169 | Temple   | Entered the Ecumenical Temple
  7347 | Temple   | Became a worshipper of Makhleb the Destroyer
  7509 | D:6      | Noticed Menkaure
  7513 | D:6      | Killed Menkaure
  7623 | D:6      | Found a shimmering blue altar of Sif Muna.
  8292 | D:7      | Found a shadowy altar of Dithmenos.
  8294 | D:7      | Found a shimmering altar of Xom.
  8300 | D:7      | Reached skill level 6 in Unarmed Combat
  8300 | D:7      | Gained mutation: You are surrounded by a moderate repulsion
                  | field. (EV +3) [demonic ancestry]
  8300 | D:7      | Reached XP level 9. HP: 54/71 MP: 6/9
  8503 | D:7      | Reached * piety under Makhleb
  8816 | D:7      | Found an ancient bone altar of Kikubaaqudgha.
  8816 | D:7      | Found a blossoming altar of Fedhas.
  8860 | D:7      | Found a snail-covered altar of Cheibriados.
  9124 | D:8      | Reached skill level 7 in Unarmed Combat
  9206 | D:8      | HP: 5/108 [killer bee (2)]
  9210 | D:8      | HP: 2/108 [killer bee (1)]
  9580 | D:8      | Noticed an unseen horror
  9615 | D:8      | Killed an unseen horror
  9615 | D:8      | Reached skill level 8 in Unarmed Combat
  9932 | D:8      | Found a hide-covered altar of Uskayaw.
  9975 | D:8      | Noticed Grum
 10695 | D:8      | Reached XP level 10. HP: 77/80 MP: 10/10
 10734 | D:8      | Killed Grum
 10880 | D:8      | Reached ** piety under Makhleb
 10880 | D:8      | Reached skill level 9 in Unarmed Combat
 11633 | D:9      | Found Nis Efut's Distillery.
 11705 | D:9      | Bought a potion of curing for 45 gold pieces
 11773 | D:9      | Reached skill level 10 in Unarmed Combat
 11879 | D:9      | Found a staircase to the Orcish Mines.
 12081 | D:10     | Entered Level 10 of the Dungeon
 12158 | D:10     | Reached *** piety under Makhleb
 12318 | D:10     | Noticed a white ugly thing
 12740 | D:10     | Noticed Sonja
 12748 | D:10     | HP: 4/83 [Sonja] (20)]
 12748 | D:10     | Succumbed to Sonja's poison

Illustrated notes

Levels and vault maps discovered:
D:1:      lightli_arrival_flooded_house, layout_basic
D:2:      layout_basic, serial_bayou_pond_d
D:3:      layout_loops_ring, tgw_trog, nicolae_ru_great_annihilating_truth
D:4:      layout_loops_corners, gammafunk_temple_overflow_claw,
          ebering_ghost_reflecting_pool, minmay_checkerbox, uniq_grinder,
          uniq_eustachio
D:5:      layout_basic, yredelemnul_altar_generic,
          nicolae_gozag_cash_rules_everything_around_me, lemuel_round_altar,
          uniq_duvessa
D:6:      layout_gridville, overflow_temple_1_default,
          minmay_temple_entry_slanted, uniq_menkaure
D:7:      layout_loops_ring, grunt_temple_overflow_growth_and_decay,
          slow_altar_2, chequers_temple_overflow_statue_of_worship
D:8:      layout_basic, basic_altar, uniq_grum
D:9:      layout_roguey, orc_0_dummy, serial_shops, shop
D:10:     layout_basic, lair_entry_dummy, uniq_sonja, uniq_snorg
Temple:   compressed_dpeg_triangle_lava_temple

Skill      XL: |  1  2  3  4  5  6  7  8  9 10 |
---------------+-------------------------------+-----
Unarmed Combat | 2 3 4 6 8 10 | 10.7
Shields        | 3 4 5 |  5.7
Armour         | 3 4 5 6 |  6.0
Fighting       | 4 5 6 8 9 |  9.6
Invocations    | |  0.6

Action                   |  1- 3 |  4- 6 |  7- 9 | 10-12 || total
-------------------------+-------+-------+-------+-------++-------
Melee: Unarmed           |   266 |   230 |       |   256 ||   752
       Punch             |     1 |     6 |    13 |    14 ||    34
       War axe           |       |    31 |   428 |       ||   459
  Use: Scroll            |     1 |     6 |     8 |     2 ||    17
       Potion            |     1 |     4 |     7 |     1 ||    13
 Stab: Paralysed         |       |     4 |       |       ||     4
Armor: Scale mail        |   113 |   148 |   242 |    78 ||   581
       Skin              |       |     5 |    73 |       ||    78
Dodge: Dodged            |   144 |   165 |   395 |   159 ||   863

Table legend: (Time is in decaauts)
 A = Elapsed time spent in this place.
 B = Non-inter-level travel time spent in this place.
 C = Inter-level travel time spent in this place.
 D = Time resting spent in this place.
 E = Time spent auto-exploring this place.
 F = Levels seen in this place.
 G = Mean time per level.
                   A        B        C        D        E       F      G
               +--------+--------+--------+--------+--------+-----+--------+
         Total |  12857 |  12539 |    318 |   2193 |   8059 |  11 | 1168.8 |
       Dungeon |  12668 |  12360 |    308 |   2193 |   7904 |  10 | 1266.8 |
        Temple |    188 |    179 |      9 |      0 |    155 |   1 |  188.0 |
               +--------+--------+--------+--------+--------+-----+--------+

Top non-repeatable levels by time:
     D:5: 1837 daAuts
     D:8: 1700 daAuts
     D:4: 1548 daAuts
     D:3: 1436 daAuts
     D:1: 1417 daAuts
     D:7: 1146 daAuts
     D:6: 1070 daAuts
     D:9: 980 daAuts
     D:2: 936 daAuts
    D:10: 594 daAuts
  Temple: 188 daAuts
